 Dungeon Crawl Stone Soup version 0.25.1-2-g60ff931df9 (webtiles) character file.

Game seed: 11622432329745785909

6805 Descartes the Grappler (level 10, -6/85 HPs)
             Began as a Troll Hunter on Nov 12, 2020.
             Mangled by an orc warrior
             ... wielding a +0 long sword
              (17 damage)
             ... on level 11 of the Dungeon.
             The game lasted 00:14:07 (8535 turns).

Descartes the Grappler (Troll Hunter)               Turns: 8535, Time: 00:14:07

Health: -6/85      AC: -1    Str: 23    XL:     10   Next: 77%
Magic:  9/9        EV:  7    Int:  7    God:
Gold:   397        SH: 18    Dex: 18    Spells: 9/9 levels left

rFire    . . .     SeeInvis +     - Unarmed
rCold    + . .     Gourm    +   A - +2 tower shield
rNeg     . . .     Faith    .   b - +0 robe
rPois    .         Spirit   .   (helmet restricted)
rElec    .         Reflect  .   s - +0 cloak
rCorr    .         Harm     .   (gloves unavailable)
MR       .....                  (boots unavailable)
Stlth    ++........             (no amulet)
HPRegen  0.64/turn              D - ring "Bagi" {rC+ Dex+6}
MPRegen  0.11/turn              e - ring of see invisible

@: mighty, corroded
A: large, unfitting armour, claws 3, fast metabolism 3, gourmand, regeneration
1, shaggy fur 1, tough skin 3
a: no special abilities


You were on level 11 of the Dungeon.
You were completely stuffed.

You visited 2 branches of the dungeon, and saw 12 of its levels.

You collected 769 gold pieces.
You spent 372 gold pieces at shops.

Inventory:

Missiles
 c - 5 large rocks (quivered)
 d - 4 throwing nets
 u - 6 boomerangs
 G - 4 poisoned darts
Armour
 b - a +0 robe (worn)
 s - a +0 cloak (worn)
 A - a +2 tower shield (worn)
Jewellery
 e - a ring of see invisible (right claw)
 g - an uncursed ring of protection from fire
 i - an uncursed ring of protection from fire
 D - the ring "Bagi" (left claw) {rC+ Dex+6}
   (You found it on level 10 of the Dungeon)

   [ring of dexterity]

   It affects your dexterity (+6).
   It protects you from cold.
Wands
 E - a wand of disintegration (34)
 F - a wand of enslavement (18)
 H - a wand of iceblast (12)
Scrolls
 a - 7 scrolls of remove curse
 h - a scroll of enchant armour {unknown}
 k - a scroll of fear {unknown}
 m - 6 scrolls of teleportation
 o - 3 scrolls of magic mapping
 t - 2 scrolls of immolation {unknown}
 x - 2 scrolls of enchant weapon {unknown}
 y - 2 scrolls of random uselessness {unknown}
 z - a scroll of noise {unknown}
 B - a scroll of blinking {unknown}
Potions
 j - 2 potions of lignification
 l - a potion of might
 n - a potion of curing {unknown}
 p - 3 potions of resistance {unknown}
 r - 3 potions of haste {unknown}
 w - 5 potions of stabbing {unknown}
 C - a potion of berserk rage {unknown}
 I - a potion of ambrosia
 J - a potion of mutation {unknown}
 K - 2 potions of brilliance {unknown}
Miscellaneous
 q - a phial of floods
Comestibles
 f - 20 rations


   Skills:
 - Level 1.5 Fighting
 + Level 9.0 Throwing
 - Level 1.5 Dodging
 - Level 0.3 Stealth
 + Level 6.8 Shields
 + Level 11.1 Unarmed Combat


You had 9 spell levels left.
You didn't know any spells.
Your spell library contained the following spells:

 Spells                   Type           Power        Failure   Level  Hunger
 Magic Dart               Conj           #...         95%         1    ##.....
 Sandblast                Erth           #.....       95%         1    ##.....
 Passwall                 Tmut/Erth      #.......     99%         2    ###....
 Searing Ray              Conj           #.....       99%         2    ###....
 Dazzling Flash           Conj/Hex       #.....       100%        3    ####...
 Stone Arrow              Conj/Erth      #.....       100%        3    ####...
 Fulminant Prism          Conj/Hex       #.........   100%        4    #####..
 Iskenderun's Mystic Bla  Conj/Tloc      #.......     100%        4    #####..
 Petrify                  Tmut/Erth      #.......     100%        4    #####..
 Lee's Rapid Deconstruct  Erth           #.........   100%        5    ######.


Dungeon Overview and Level Annotations

Branches:
Dungeon (11/15)            Temple (1/1) D:5            Lair (0/6) D:10
    Orc (0/2) D:11

Altars:
Ashenzari
Cheibriados
Dithmenos
Elyvilon
Fedhas
Gozag
Hepliaklqana
Kikubaaqudgha
Makhleb
Nemelex Xobeh
Okawaru
Qazlal
Ru
Sif Muna
Trog
Uskayaw
Vehumet
Wu Jian
Xom
Yredelemnul
Zin
The Shining One

Shops:
D:6 [   D:9 *   D:10 (}


Innate Abilities, Weirdness & Mutations

You are too large for most types of armour.
You have claws for hands.
Your metabolism is lightning-fast.
You like to eat raw meat.
Your natural rate of healing is unusually fast.
You are covered in fur. (AC +1)
You have extremely tough skin. (AC +3)


Message History

You mangle the worker ant!!
You kill the worker ant!
You block the orc's attack. You block the ogre's attack.
You claw the orc warrior!
The orc warrior is heavily wounded.
The orc warrior hits you with a +0 long sword!
* * * LOW HITPOINT WARNING * * *
You block the orc's attack.
You scratch the orc warrior.
The orc warrior is severely wounded.
You block the ogre's attack. You block the orc warrior's attack.
You block the orc's attack.
You closely miss the orc warrior.
The orc warrior is severely wounded.
You block the ogre's attack.
You scratch the ogre.
The ogre is lightly wounded.
You block the orc's attack.
The orc warrior hits you with a +0 long sword!
You die...

.....#....# #[## #..#
.....#....# #..# ##.#
########### ##.# #..
#####..# ##########<
#..#..## #.......##.
###..).####.......##.
#..#...##.........##.
#.##..####.........##.
#. ##@# #.........###
# #..ooO#
#<...........
#..#...##.###########
#..##.####.# #..# ..#
#.# >.#. .## #.# . . .
#.# # .# #.# ..#


You could see an orc warrior, an ogre and an orc.

Vanquished Creatures
  2 two-headed ogres
  An unseen horror (D:10)
  A manticore (D:11)
  A troll (D:10)
  2 hippogriffs (D:10)
  A spriggan (D:7)
  A wyvern (D:9)
  2 hungry ghosts
  An acid dragon (D:11)
  A warg (D:11)
  4 orc warriors
  2 ice beasts
  3 black bears (D:8)
  2 ogres
  A phantom (D:11)
  3 centaurs
  2 big kobolds (D:8)
  4 bullfrogs
  3 scorpions
  6 crimson imps
  3 howler monkeys
  2 quasits
  2 centaur skeletons
  2 jellies
  3 orc priests
  4 bullfrog skeletons
  2 hounds (D:9)
  3 iguanas
  3 orc wizards (D:9)
  6 worker ants
  A howler monkey skeleton (D:5)
  A howler monkey zombie (D:10)
  12 adders
  4 gnolls (D:5)
  3 shadow imps
  3 oozes
  3 adder skeletons
  A worm (D:3)
  A dart slug (D:4)
  5 leopard geckos
  45 orcs
  5 bats
  2 giant cockroaches (D:1)
  4 goblins
  4 hobgoblins
  8 jackals
  3 quokkas
  4 frilled lizards
  2 jackal skeletons
  11 kobolds
  A quokka skeleton (D:5)
  5 rats
201 creatures vanquished.

Vanquished Creatures (others)
  2 kobolds (D:8)
2 creatures vanquished.

Grand Total: 203 creatures vanquished

Notes
Turn   | Place    | Note
-------+----------+-------------------------------------------
     0 | D:1      | Descartes the Troll Hunter began the quest for the Orb.
     0 | D:1      | Reached XP level 1. HP: 19/19 MP: 0/0
   371 | D:1      | Reached skill level 1 in Unarmed Combat
   575 | D:1      | Reached XP level 2. HP: 27/27 MP: 1/1
   707 | D:1      | Reached skill level 2 in Unarmed Combat
  1144 | D:2      | Reached XP level 3. HP: 33/33 MP: 2/2
  1465 | D:3      | Reached skill level 3 in Unarmed Combat
  1533 | D:3      | Reached XP level 4. HP: 27/41 MP: 3/3
  1628 | D:3      | Reached skill level 4 in Unarmed Combat
  2207 | D:4      | Found a bloodstained altar of Trog.
  2251 | D:4      | Reached skill level 5 in Unarmed Combat
  2251 | D:4      | Reached XP level 5. HP: 48/48 MP: 4/4
  2811 | D:4      | Found a stormy altar of Qazlal.
  2876 | D:5      | Entered Level 5 of the Dungeon
  2932 | D:5      | Reached skill level 6 in Unarmed Combat
  2932 | D:5      | Reached XP level 6. HP: 43/55 MP: 5/5
  2948 | D:5      | Found a sacrificial altar of Ru.
  3346 | D:5      | Found a burning altar of Makhleb.
  3408 | D:5      | Found a shimmering blue altar of Sif Muna.
  3632 | D:5      | Found a staircase to the Ecumenical Temple.
  3641 | Temple   | Entered the Ecumenical Temple
  3810 | D:5      | Found an opulent altar of Gozag.
  3975 | D:6      | Reached skill level 7 in Unarmed Combat
  4179 | D:6      | Found Rillipou's Antique Armour Boutique.
  4244 | D:6      | Reached XP level 7. HP: 62/62 MP: 6/6
  4480 | D:6      | Found a shadowy altar of Dithmenos.
  4565 | D:6      | HP: 3/62 [poisoned by a worker ant]
  4571 | D:6      | HP: 3/62 [poisoned by a worker ant]
  4628 | D:6      | Bought a runed tower shield for 262 gold pieces
  5451 | D:7      | Reached skill level 1 in Shields
  5676 | D:7      | Noticed a spriggan baker
  5686 | D:7      | Killed a spriggan baker
  5686 | D:7      | Reached skill level 5 in Throwing
  5686 | D:7      | Reached skill level 8 in Unarmed Combat
  5686 | D:7      | Reached XP level 8. HP: 50/70 MP: 7/7
  6014 | D:8      | Found a bloodstained altar of Trog.
  6156 | D:8      | Noticed a two-headed ogre
  6165 | D:8      | Killed a two-headed ogre
  6165 | D:8      | Reached skill level 9 in Unarmed Combat
  6165 | D:8      | Reached XP level 9. HP: 54/76 MP: 8/8
  6725 | D:9      | Found an ancient bone altar of Kikubaaqudgha.
  6726 | D:9      | Found a blossoming altar of Fedhas.
  6773 | D:9      | Found Dosiess's Assorted Antiques.
  6797 | D:9      | Bought a dark potion for 26 gold pieces
  6798 | D:9      | Bought a fizzy green potion for 26 gold pieces
  6798 | D:9      | Bought a scroll of identify for 58 gold pieces
  6832 | D:9      | Found a stormy altar of Qazlal.
  6904 | D:9      | Reached skill level 5 in Shields
  6996 | D:9      | Reached skill level 10 in Unarmed Combat
  7469 | D:10     | Entered Level 10 of the Dungeon
  7473 | D:10     | Reached XP level 10. HP: 85/85 MP: 9/9
  7519 | D:10     | Got a heavily runed glass ring
  7532 | D:10     | Found Rubathrog's Weapon Shop.
  7605 | D:10     | Noticed an unseen horror
  7618 | D:10     | Killed an unseen horror
  7647 | D:10     | Identified the ring "Bagi" {rC+ Dex+6} (You found it on
                  | level 10 of the Dungeon)
  7890 | D:10     | Found a staircase to the Lair.
  8047 | D:10     | Found Anom's Gadget Shoppe.
  8240 | D:11     | Noticed a two-headed ogre
  8248 | D:11     | Killed a two-headed ogre
  8402 | D:11     | Noticed a manticore
  8414 | D:11     | Killed a manticore
  8414 | D:11     | Reached skill level 11 in Unarmed Combat
  8515 | D:11     | Found a staircase to the Orcish Mines.
  8535 | D:11     | Mangled by an orc warrior

Illustrated notes

Levels and vault maps discovered:
D:1:      minmay_arrival_widening_spiral_narrow, layout_basic, minmay_tall_x
D:2:      layout_rooms
D:3:      layout_basic, first_ration
D:4:      layout_loops_ring, old_standard_altar, minivault_23,
          nicolae_qazlal_eye_of_the_storm
D:5:      layout_loops_ring, lemuel_doored_altar,
          nicolae_ru_sacrificial_ziggurat, lemuel_blue_sif_altar,
          nicolae_overflow_crystal_walls, minmay_temple_entry_fiery
D:6:      layout_basic, serial_shops, shop,
          nicolae_dithmenos_through_a_glass_darkly
D:7:      layout_loops_cross, serial_glass, glass_columns_b, glass_columns_b,
          glass_columns_c, glass_columns_a, glass_columns_c, glass_columns_c,
          glass_columns_a, glass_columns_a, the_bakery,
          minmay_misc_feat_nine_boxes
D:8:      layout_cave_pools, trog_ov_bears_minmay
D:9:      layout_roguey [special_room_orc],
          grunt_temple_overflow_growth_and_decay, lemuel_round_altar,
          serial_shops, shop
D:10:     layout_basic, dpeg_oklobed_lair, serial_shops,
          nicolae_shop_behind_doors, nicolae_shop_window_shopping
D:11:     layout_basic, erik_orc_3, serial_glass, glass_columns_b,
          glass_columns_c
Temple:   zaba_magenta_temple

Skill      XL: |  1  2  3  4  5  6  7  8  9 10 |
---------------+-------------------------------+-----
Unarmed Combat | 1 2 3 5 6 7 8 9 10 11 | 11.1
Throwing       | 4 5 6 7 9 |  9.0
Shields        | 1 4 5 6 |  6.8
Fighting       | |  1.5
Dodging        | |  1.5
Stealth        | |  0.3

Action                   |  1- 3 |  4- 6 |  7- 9 | 10-12 || total
-------------------------+-------+-------+-------+-------++-------
Melee: Unarmed           |    75 |   135 |   333 |   109 ||   652
       Punch             |       |     5 |     1 |       ||     6
  Use: Scroll            |       |       |     8 |       ||     8
       Potion            |       |       |       |     2 ||     2
 Stab: Sleeping          |     2 |     3 |     1 |     1 ||     7
       Distracted        |       |       |       |     1 ||     1
  Eat: Chunk             |    19 |    19 |    38 |    13 ||    89
Armor: Robe              |    33 |    36 |    61 |    19 ||   149
Dodge: Dodged            |    40 |    60 |    68 |    26 ||   194
Block: Tower shield      |       |       |   232 |    94 ||   326
